 Dungeon Crawl Stone Soup version 0.32-a0-995-gb4a59205af (webtiles) character file.

Game seed: 790498593463761068

78422 jasper the Metamorph (level 15, -3/142 HPs)
             Began as a Merfolk Fighter on Apr 22, 2024.
             Was the Champion of Makhleb.
             Killed by divine providence
             ... invoked by a meliai
              (13 damage)
             ... on level 14 of the Dungeon.
             The game lasted 00:32:56 (24898 turns).

jasper the Metamorph (Merfolk Fighter)             Turns: 24898, Time: 00:32:57

Health: -3/142     AC: 21    Str: 22    XL:     15   Next: 60%
Magic:  21/21      EV: 17    Int:  8    God:    Makhleb [******]
Gold:   52         SH:  5    Dex: 20    Spells: 14/14 levels left

rFire   . .          .
                       - Unarmed
rCold   . . .        F - melded +0 kite shield
rNeg    . . .        a - melded +0 scale mail
rPois   +            y - melded +1 helmet
rElec   .            A - melded +0 cloak
rCorr   .            q - melded +0 pair of gloves
SInv    .            x - melded +0 pair of boots
Will    +....        H - amulet of reflection
Stlth   ++           n - +4 ring of protection
HPRegen 0.43/turn    u - +4 ring of protection
MPRegen 0.17/turn

%: reflection
@: snake-form
A: constrict, boosted hp, large, (nimble swimmer 2), (mertail)
a: Begin Untransformation, Renounce Religion, Minor Destruction, Lesser Servant
of Makhleb, Major Destruction, Greater Servant of Makhleb


You were on level 14 of the Dungeon.
You worshipped Makhleb.
Makhleb was exalted by your worship.
You were an enormous serpent.
You visited 4 branches of the dungeon, and saw 22 of its levels.

You collected 2275 gold pieces.
You spent 2223 gold pieces at shops.

Inventory:

Missiles
 B - 2 throwing nets
 N - a curare-tipped dart
Armour
 a - a +0 scale mail (melded)
 q - a +0 pair of gloves (melded)
 x - a +0 pair of boots (melded)
 y - a +1 helmet (melded)
 A - a +0 cloak (melded)
 F - a +0 kite shield (melded)
 P - a +0 kite shield
 V - the +2 cloak of Grot {rPois rCorr Dex+2 Stlth+}
   (You found it on level 11 of the Dungeon)

   Dex+2:     It affects your dexterity (+2).
   rPois:     It protects you from poison.
   rCorr:     It protects you from acid and corrosion.
   Stlth+:    It makes you more stealthy.
Jewellery
 i - a ring of positive energy
 k - a ring of fire
 n - a +4 ring of protection (left hand)
 u - a +4 ring of protection (right hand)
 H - an amulet of reflection (around neck)
 U - a ring of positive energy
Talismans
 b - a talisman of death
 e - a serpent talisman (active)
 m - a flux talisman
Wands
 o - a wand of mindburst (8)
 p - a wand of warping (14)
 C - a wand of polymorph (28)
 D - a wand of charming (33)
 G - a wand of quicksilver (16)
 O - a wand of digging (5)
 Q - a wand of flame (19)
Scrolls
 f - 14 scrolls of teleportation
 j - 3 scrolls of torment
 s - 7 scrolls of poison
 v - a scroll of vulnerability
 z - a scroll of revelation
 E - a scroll of summoning
 K - 6 scrolls of noise
 M - a scroll of amnesia
 R - 8 scrolls of immolation
 T - a scroll of fear
 W - 2 scrolls of enchant armour
Potions
 c - 4 potions of might
 g - 3 potions of mutation
 l - 6 potions of haste
 r - 11 potions of curing
 w - 4 potions of cancellation
 I - a potion of ambrosia
 J - 3 potions of resistance
 L - 2 potions of lignification
 S - 5 potions of attraction
 Y - 3 potions of enlightenment
Miscellaneous
 d - a lightning rod (3/4)
 h - a condenser vane (inert)
 t - a phantom mirror (inert)
 Z - a Gell's gravitambourine (2/2)


   Skills:
 + Level 11.4 Fighting
 - Level 2.1 Armour
 + Level 12.2 Dodging
 - Level 3.0 Shields
 + Level 15.9 Unarmed Combat
 - Level 8.4 Invocations
 - Level 10.0 Evocations
 * Level 17.1 Shapeshifting


You had 14 spell levels left.
You didn't know any spells.
Your spell library contained the following spells:

 Spells                   Type           Power      Damage    Failure   Level
 Magic Dart               Conj           0%         1d3       41%         1
 Blink                    Tloc           0%         N/A       54%         2
 Call Imp                 Summ           0%         N/A       54%         2
 Maxwell's Portable Pile  Tloc           0%         2d(5-13)  78%         3
 Petrify                  Alch/Erth      0%         N/A       99%         4
 Irradiate                Conj/Alch      0%         3d11      100%        5
 Magnavolt                Erth/Air       0%         3d9       100%        7
 Fulsome Fusillade        Conj/Alch      0%         (3-5)d4   100%        8
 Maxwell's Capacitive Co  Air            0%         ∞         100%        8
 Chain Lightning          Conj/Air       0%         N/A       100%        9
 Fire Storm               Conj/Fire      0%         5d1       100%        9
 Shatter                  Erth           0%         3d5*      100%        9


Dungeon Overview and Level Annotations

Branches:
Dungeon (14/15)            Temple (0/1) D:4            Lair (5/5) D:8
 Shoals (0/4) Lair:2       Spider (1/4) Lair:2        Slime (0/5) Lair:4
    Orc (2/2) D:12            Elf (0/3) Orc:2        Vaults (0/5) D:13

Altars:
Fedhas
Hepliaklqana
Kikubaaqudgha
Makhleb
Qazlal
Trog
Vehumet
Wu Jian
Xom
Yredelemnul
Zin
Beogh

Shops:
D:2 [   D:6 *([   D:8 =   Orc:2 ![(*

Annotations:
D:5 3 runed translucent doors, Bediveer's ghost, novice OpHu
D:12 2 runed translucent doors
Lair:2 2 transporters, bakla's ghost, journeyman CoWr
Lair:5 3 runed translucent doors, LostInTranslocation's ghost, journeyman DsCA


Innate Abilities, Weirdness & Mutations

You are an enormous serpent.
You have a powerful constriction melee attack.
Your maximum health is increased.
Your armour is entirely melded.
You are incapable of wielding weapons or throwing items.
((You are very nimble when in or above water. (Stealth+, EV+, Speed+++)))
((Your lower body shifts to a powerful aquatic tail in water.))


Message History

The meliai stings you but does no damage.
The enormous slime creature hits your ynoxinul!
The meliai completely misses you.
The meliai closely misses your ynoxinul.
The meliai stings you.
* * * LOW HITPOINT WARNING * * *
Your ynoxinul gestures at the enormous slime creature.
The iron shot hits the enormous slime creature!!
You closely miss the meliai. Your grab misses the meliai.
The meliai is moderately wounded.
The meliai calls down the wrath of its god upon you.
Something smites you!
* * * LOW HITPOINT WARNING * * *
The enormous slime creature completely misses your ynoxinul.
The meliai hits you but does no damage.
The meliai hits your ynoxinul with a +0 war axe of venom!
The meliai stings you but does no damage.
You take 13 damage, and have 21/142 hp.
You body-slam the meliai!!
You kill the meliai!
Makhleb accepts your kill.
You feel better.
Your ynoxinul gestures at the enormous slime creature.
The iron shot hits the enormous slime creature!!
The enormous slime creature hits your ynoxinul!!!
Your ynoxinul dies!
Your ynoxinul disappears in a puff of smoke!
The enormous slime creature quivers.
You regained 5 hp, and now have 26/142 hp.
A demon appears!
You take 3 damage, and have 23/142 hp.
The meliai calls down the wrath of its god upon you.
Something smites you!
* * * LOW HITPOINT WARNING * * *
Your hellwing barely misses the enormous slime creature. x2
You take 14 damage, and have 9/142 hp.
You swap places.
The meliai calls down the wrath of its god upon you.
Something smites you!
You die...

#..# #!.....#
#..#####.#
#.##......
#........#
#.##§....
..######## #.##..§.
..# #.# °§§ #.# #.#
#W# # #.### #.#
#D#.# #...#
##.###.#.# ###.#
#....SJy.# #.#
#..###4### #.# #..#
#.# #.# #..# #.# #
#.# #..# #.#
###.########..# #.#
..............###.#
..................#
###.#####.#########


You could see an enormous slime creature (ally target), a freezing wraith, an
acid dragon, a meliai and a friendly hellwing (summoned).

Vanquished Creatures
  Saint Roka (Orc:2)
  Jorgrun (D:14)
  An orc warlord (Orc:2)
  The ghost of mitch45678 the Cleaver, a journeyman MDEn of Okawaru (D:12)
  Josephine (Lair:3)
  A hydra (Lair:5)
  Fannar (Lair:3)
  An ogre mage (D:12)
  A catoblepas (Lair:5)
  2 two-headed ogres
  An orc high priest (Orc:2)
  4 tengu warriors
  Amaemon (Lair:2)
  Urug (Lair:2)
  2 skysharks
  Nergalle (Lair:2)
  2 orc knights
  3 deep elf pyromancers
  12 ugly things
  3 obsidian bats (Orc:1)
  An oklob plant (Orc:2)
  4 cyclopes
  2 orc sorcerers (Orc:1)
  3 manticores
  3 meliai
  3 kobold blastminers
  A black mamba (Lair:3)
  15 elephants
  A meliai (shapeshifter) (D:12)
  An orange demon (Lair:2)
  4 gargoyles
  An unseen horror (D:12)
  7 cane toads
  3 rime drakes
  3 kobold demonologists
  5 komodo dragons
  2 efreet
  A yaktaur (D:10)
  A tengu conjurer (D:14)
  7 trolls
  3 merfolk (Lair:2)
  7 polar bears
  20 blink frogs
  7 hornets (Lair:5)
  4 dream sheep (Lair:2)
  7 slime creatures
  A shadow (D:12)
  A water elemental (D:12)
  6 wraiths
  4 culicivoras (Lair:2)
  A centaur simulacrum (D:13)
  13 spriggans (Lair:5)
  30 yaks
  2 basilisks
  4 wyverns
  3 wargs
  2 steam dragons (D:10)
  4 vampire mosquitoes (D:12)
  15 water moccasins
  2 sky beasts (D:10)
  29 orc warriors
  8 ogres
  A swamp drake (D:12)
  An ice beast (D:8)
  3 boggarts (Lair:5)
  9 black bears
  17 wolves (Lair:5)
  14 centaurs
  2 phantoms
  A gnoll sergeant (D:7)
  2 kobold brigands
  13 bullfrogs
  A weeping skull (D:4)
  6 scorpions
  10 wights
  8 killer bees
  5 electric eels
  4 howler monkeys
  15 jellies
  2 bombardier beetles
  A gnoll bouda (D:7)
  17 orc priests
  5 hounds
  5 iguanas
  7 hell rats (Lair:5)
  23 orc wizards
  4 sleepcaps
  14 gnolls
  9 adders
  2 shadow imps (D:7)
  An ufetubus (D:5)
  3 dart slugs
  2 ribbon worms
  102 orcs
  8 ball pythons
  5 endoplasms
  5 giant cockroaches
  8 goblins
  6 hobgoblins
  8 jackals
  8 quokkas
  9 bats
  4 frilled lizards
  12 kobolds
  8 rats
  A spectral orc (D:4)
673 creatures vanquished.

Vanquished Creatures (collateral kills)
  A slime creature (D:13)
  2 ugly things
  A kobold blastminer (Orc:2)
  A kobold demonologist (D:12)
  An orc warrior (Orc:2)
  An electric eel (D:12)
7 creatures vanquished.

Vanquished Creatures (others)
  A sky beast (D:10)
1 creature vanquished.

Grand Total: 681 creatures vanquished

Notes
Turn   | Place    | Note
-------+----------+-------------------------------------------
     0 | D:1      | jasper the Merfolk Fighter began the quest for the Orb.
     0 | D:1      | Reached XP level 1. HP: 18/18 MP: 1/1
   190 | D:1      | Reached XP level 2. HP: 24/24 MP: 2/2
   771 | D:2      | Reached XP level 3. HP: 28/29 MP: 3/3
  1035 | D:2      | Identified the orb "Zeczoan" {*Rage, rF+ rN++ Int+3}
  1072 | D:2      | Reached XP level 4. HP: 32/35 MP: 4/4
  1271 | D:2      | Found Wakka's Antique Armour Boutique.
  1299 | D:2      | Bought a pair of boots for 76 gold pieces
  1368 | D:2      | Reached skill level 5 in Unarmed Combat
  1745 | D:3      | Found a faded altar of an unknown god.
  2203 | D:3      | Found a burning altar of Makhleb.
  2209 | D:3      | Became a worshipper of Makhleb the Destroyer
  2220 | D:3      | Found a hazy altar of Hepliaklqana.
  2381 | D:4      | Reached XP level 5. HP: 36/41 MP: 5/5
  2419 | D:4      | Noticed a phantom
  2453 | D:4      | Killed a phantom
  2454 | D:4      | Reached XP level 6. HP: 15/47 MP: 6/6
  2707 | D:4      | Identified the +2 dagger "Merfolk's Bane" {heavy, rPois}
  3069 | D:4      | Found a staircase to the Ecumenical Temple.
  3298 | D:4      | Found a basalt altar of Yredelemnul.
  3302 | D:4      | Reached * piety under Makhleb
  3405 | D:5      | Entered Level 5 of the Dungeon
  3461 | D:5      | Reached XP level 7. HP: 32/52 MP: 7/7
  3484 | D:5      | HP: 1/52 [burnt (6)]
  3863 | D:5      | Found a runed translucent gate.
  3932 | D:5      | Noticed Bediveer's ghost (novice OpHu)
  3935 | D:5      | Found a runed translucent gate.
  3935 | D:5      | Found a runed translucent gate.
  4673 | D:6      | Reached skill level 10 in Unarmed Combat
  4673 | D:6      | Reached XP level 8. HP: 57/58 MP: 8/8
  4765 | D:6      | Reached skill level 2 in Shapeshifting
  4824 | D:6      | Found Viommir's Weapon Emporium.
  4898 | D:6      | Reached skill level 3 in Shapeshifting
  5087 | D:6      | Found Cujogg's Antique Armour Emporium.
  5223 | D:6      | Found an ancient bone altar of Kikubaaqudgha.
  5375 | D:6      | Reached skill level 4 in Shapeshifting
  5413 | D:6      | Found Kouren's General Store.
  5421 | D:6      | Bought a potion of curing for 45 gold pieces
  5421 | D:6      | Bought a +0 helmet for 67 gold pieces
  5421 | D:6      | Bought a wand of polymorph (8) for 168 gold pieces
  5700 | D:7      | Reached ** piety under Makhleb
  5701 | D:7      | Reached skill level 5 in Shapeshifting
  5873 | D:7      | Found a shimmering altar of Xom.
  5932 | D:7      | Reached skill level 6 in Shapeshifting
  6049 | D:7      | Reached skill level 7 in Shapeshifting
  6054 | D:7      | Reached XP level 9. HP: 49/64 MP: 9/9
  6249 | D:7      | Reached skill level 8 in Shapeshifting
  6356 | D:7      | Reached skill level 9 in Shapeshifting
  6659 | D:8      | Found Ubor's Jewellery Shop.
  6696 | D:8      | Reached skill level 10 in Shapeshifting
  6708 | D:8      | Reached skill level 1 in Invocations
  6766 | D:8      | Found a staircase to the Lair.
  6773 | D:8      | Reached skill level 5 in Invocations
  6845 | D:8      | Noticed a troll
  6853 | D:8      | Killed a troll
  6854 | D:8      | Reached XP level 10. HP: 70/70 MP: 13/15
  6881 | D:8      | Reached *** piety under Makhleb
  7155 | D:8      | Reached skill level 1 in Dodging
  7802 | D:9      | Noticed a two-headed ogre
  7814 | D:9      | Killed a two-headed ogre
  7956 | D:9      | Found an ornate altar of the Wu Jian Council.
  8047 | D:9      | Identified the +2 trident "Luillank" {pain, rC+ rN+ Str-2
                  | Dex+3}
  8048 | D:9      | Found a radiant altar of Vehumet.
  8103 | D:9      | Found a glowing silver altar of Zin.
  8130 | D:9      | Found a blossoming altar of Fedhas.
  8330 | D:9      | Reached XP level 11. HP: 57/78 MP: 17/17
  8333 | D:9      | Reached **** piety under Makhleb
  8334 | D:9      | Reached skill level 5 in Fighting
  8622 | D:10     | Entered Level 10 of the Dungeon
  8639 | D:10     | Reached skill level 11 in Shapeshifting
  8920 | D:10     | Noticed a two-headed ogre
  8926 | D:10     | Killed a two-headed ogre
  8927 | D:10     | Reached skill level 5 in Dodging
  9490 | D:11     | Identified the +2 cloak of Grot {rPois rCorr Dex+2 Stlth+}
  9838 | D:11     | Noticed a white ugly thing
  9851 | D:11     | Killed a white ugly thing
 10048 | D:11     | Reached ***** piety under Makhleb
 10602 | D:12     | Found a large runed translucent door.
 10602 | D:12     | Found a large runed translucent door.
 10609 | D:12     | Noticed mitch45678's ghost (journeyman MDEn)
 10640 | D:12     | Killed mitch45678's ghost
 10641 | D:12     | Reached skill level 12 in Shapeshifting
 10641 | D:12     | Reached XP level 12. HP: 62/89 MP: 18/18
 10865 | D:12     | Found a large runed translucent door.
 10865 | D:12     | Found a large runed translucent door.
 10873 | D:12     | Noticed an ogre mage
 10879 | D:12     | Found a large runed translucent door.
 10879 | D:12     | Found a large runed translucent door.
 10895 | D:12     | Killed an ogre mage
 11587 | D:12     | Found a staircase to the Orcish Mines.
 11618 | Orc:1    | Entered Level 1 of the Orcish Mines
 12250 | Orc:1    | Reached skill level 13 in Shapeshifting
 12436 | D:8      | Bought a +4 ring of protection for 540 gold pieces
 12452 | Lair:1   | Entered Level 1 of the Lair of Beasts
 13312 | Lair:2   | Noticed Nergalle
 13325 | Lair:2   | Killed Nergalle
 13326 | Lair:2   | Reached XP level 13. HP: 99/99 MP: 19/19
 13338 | Lair:2   | Noticed Urug
 13359 | Lair:2   | Killed Urug
 13360 | Lair:2   | Reached skill level 14 in Shapeshifting
 13864 | Lair:2   | Found a stormy altar of Qazlal.
 13977 | Lair:2   | Noticed Amaemon
 14418 | Lair:2   | Noticed bakla's ghost (journeyman CoWr)
 14438 | Lair:2   | Found a transporter.
 14456 | Lair:2   | Found a transporter.
 14528 | Lair:2   | Found a hole to the Spider Nest.
 14689 | Lair:2   | Reached skill level 10 in Dodging
 14705 | Lair:2   | Killed Amaemon
 14713 | Lair:2   | Identified the +0 leather armour of Grace {+Blink Str+3}
 15395 | Lair:2   | Found a staircase to the Shoals.
 15520 | Spider:1 | Entered Level 1 of the Spider Nest
 15678 | Lair:3   | Identified the +7 chain mail of Pas Coa {rC- rN+++ Str+5}
 15742 | Lair:3   | Reached skill level 15 in Shapeshifting
 15883 | Lair:3   | Identified the +2 glaive of Vengeance {freeze, Str+3 Int+4}
 15897 | Lair:3   | Noticed Fannar
 15912 | Lair:3   | Killed Fannar
 16098 | Lair:3   | Noticed Josephine
 16122 | Lair:3   | Killed Josephine
 16123 | Lair:3   | Reached skill level 10 in Fighting
 16123 | Lair:3   | Reached skill level 15 in Unarmed Combat
 16123 | Lair:3   | Reached skill level 1 in Evocations
 16965 | Lair:4   | Found a staircase to the Slime Pits.
 16972 | Lair:4   | Reached ****** piety under Makhleb
 17532 | Lair:5   | Entered Level 5 of the Lair of Beasts
 17554 | Lair:5   | Reached skill level 5 in Evocations
 17672 | Lair:5   | Reached XP level 14. HP: 110/110 MP: 20/20
 18608 | Lair:5   | Reached skill level 10 in Evocations
 18829 | Lair:5   | Found a runed translucent gate.
 18829 | Lair:5   | Found a runed translucent gate.
 18829 | Lair:5   | Found a runed translucent gate.
 18833 | Lair:5   | Noticed LostInTranslocation's ghost (journeyman DsCA)
 19502 | Orc:1    | Found a roughly hewn altar of Beogh.
 19512 | Orc:1    | Found a bloodstained altar of Trog.
 19916 | Orc:2    | Entered Level 2 of the Orcish Mines
 19916 | Orc:2    | Found a staircase to the Elven Halls.
 20152 | Orc:2    | Noticed an orc warlord
 20166 | Orc:2    | Killed an orc warlord
 20220 | Orc:2    | Found a roughly hewn altar of Beogh.
 20567 | Orc:2    | Noticed Saint Roka
 20705 | Orc:2    | Killed Saint Roka
 20710 | Orc:2    | Reached XP level 15. HP: 20/117 MP: 21/21
 21275 | Orc:1    | Reached skill level 16 in Shapeshifting
 21861 | Orc:2    | Found Asaegarece's Antique Armour Boutique.
 21862 | Orc:2    | Found a roughly hewn altar of Beogh.
 21870 | Orc:2    | Found Gacs's Antique Weapon Shop.
 21995 | Orc:2    | Found a roughly hewn altar of Beogh.
 21996 | Orc:2    | Found Kita Har's Assorted Antiques.
 22004 | Orc:2    | Bought a potion of curing for 57 gold pieces
 22004 | Orc:2    | Bought a potion of resistance for 190 gold pieces
 22163 | Orc:2    | Found a roughly hewn altar of Beogh.
 22167 | Orc:2    | Found Natuboal's Distillery.
 22172 | Orc:2    | Bought a potion of enlightenment for 75 gold pieces
 22172 | Orc:2    | Bought a potion of resistance for 150 gold pieces
 22172 | Orc:2    | Bought a potion of curing for 45 gold pieces
 22172 | Orc:2    | Bought a potion of haste for 150 gold pieces
 22172 | Orc:2    | Bought a potion of cancellation for 120 gold pieces
 22638 | D:8      | Bought a +4 ring of protection for 540 gold pieces
 22740 | D:13     | Found a gate to the Vaults.
 24486 | D:14     | Noticed Jorgrun
 24494 | D:14     | Killed Jorgrun
 24655 | D:14     | Reached skill level 17 in Shapeshifting
 24898 | D:14     | Killed from afar by a meliai

Illustrated notes

Levels and vault maps discovered:
D:1:      tarquinn_simple_flora_water_b, layout_basic, dreamdust_wishing_well,
          hex_medium
D:2:      layout_rooms, serial_shops, nicolae_shop_window_shopping,
          minmay_misc_feat_pillars, skrybe_limestone_x, glass_columns_a
D:3:      layout_rooms, mainiacjoe_overflow_swirl, serial_aquarium,
          aquarium_bridge_straight [aquarium_subvault_bridge,
          aquarium_subvault_wall, aquarium_subvault_bridge,
          aquarium_subvault_wall], aquarium_window_corner, aquarium_window_fake,
          aquarium_view_2a, shapermc_ecumenical_altar_mp_urbaneastern
D:4:      layout_loops_ring, yredelemnul_forgotten_temple_becter,
          minmay_temple_entry_overgrown
D:5:      minmay_recursive_quarters, layout_basic,
          gammafunk_ghost_nasty_kobolds, serial_bayou_pond_c,
          minmay_misc_feat_diagonals
D:6:      layout_basic, mainiacjoe_overflow_six_doors_small, serial_shops,
          shop_fountains, shop, shop, kennysheep_generic_room_3
D:7:      layout_loops_cross, old_standard_altar, kennysheep_generic_room_15
D:8:      layout_loops_ring, due_lair_maze_entry_diamond, enter_bailey_7,
          minmay_shop_enchanted_jewellery, nrook_campfire
D:9:      layout_cave_pools, nicolae_vehumet_altar_sigil,
          mainiacjoe_overflow_surrounded_room, zin_scriptorium, fedhas_altar_2
D:10:     layout_rooms, hangedman_misty_isle
D:11:     layout_long_grid
D:12:     layout_basic, erik_orc_1, ebering_ghost_disaster_area,
          minmay_hollow_rounded_squares
D:13:     layout_layer_cave, hellmonk_vaults_attempted_burglary
D:14:     layout_loops_ring, minmay_door_square, uniq_jorgrun
Lair:1:   layout_chaotic_city, infiniplex_staircase_pool, lemuel_fruit_tree
Lair:2:   layout_layer_cave, mainiacjoe_shoals_entry_four_pools,
          hellmonk_spider_entry_life_and_decay,
          gammafunk_ghost_berserking_beasts, basic_altar, uniq_urug,
          uniq_amaemon, uniq_nergalle
Lair:3:   layout_loops_ring, grunt_megastairs_3, uniq_josephine, uniq_fannar
Lair:4:   layout_hall_layers, minmay_slime_entry_jelly_boxes, minmay_hedge_maze,
          nicolae_quartered_pool_super
Lair:5:   minmay_lair_end_enchanted_forest, layout_long_grid,
          gammafunk_ghost_split
Spider:1: layout_spider_delve
Orc:1:    layout_caves, nicolae_orc_beogh_chapel, nicolae_orc_found_a_spring,
          trog_butcher_becter
Orc:2:    grunt_orc_community_town_hall, layout_caves,
          grunt_orc_community_big_house_1, grunt_orc_community_big_house_2,
          grunt_orc_community_house_3, grunt_orc_community_house_3,
          grunt_orc_community_house_2, grunt_orc_community_house_1,
          grunt_orc_community_house_3, basic_altar, mines3_lemuel

Skill      XL: |  1  2  3  4  5  6  7  8  9 10 11 12 13 14 15 |
---------------+----------------------------------------------+-----
Unarmed Combat | 3 4 5 6 8 10 11 13 14 15 | 15.9
Shapeshifting  | 7 10 12 13 15 17 | 17.1
Invocations    | 7 8 |  8.4
Dodging        | 4 7 9 10 11 12 | 12.2
Fighting       | 4 6 8 10 11 | 11.4
Evocations     | 5 10 | 10.0
Armour         | |  2.1
Shields        | |  3.0

Action                     |  1- 3 |  4- 6 |  7- 9 | 10-12 | 13-15 || total
---------------------------+-------+-------+-------+-------+-------++-------
  Melee: Unarmed           |   133 |   235 |   262 |   427 |   849 ||  1906
         Constrict         |       |       |    14 |    99 |   178 ||   291
  Throw: Stone             |       |       |     3 |       |       ||     3
 Invoke: Lesser Servant of |       |       |       |     1 |     4 ||     5
         Greater Servant o |       |       |       |       |     1 ||     1
  Evoke: Wand              |       |       |     8 |     4 |     1 ||    13
         Lightning rod     |       |       |       |     4 |     5 ||     9
         Phantom mirror    |       |       |       |     1 |     1 ||     2
         Condenser vane    |       |       |       |       |     3 ||     3
         Gell's gravitambo |       |       |       |       |     1 ||     1
    Use: Scroll            |       |    12 |     3 |     8 |     6 ||    29
         Potion            |       |       |     4 |     1 |     3 ||     8
   Stab: Sleeping          |       |       |       |     1 |     4 ||     5
         Distracted        |       |       |       |     1 |       ||     1
 Armour: Scale mail        |    92 |   146 |   134 |       |       ||   372
         Skin              |       |       |    52 |   349 |   674 ||  1075
  Dodge: Dodged            |    47 |    75 |    72 |   246 |   576 ||  1016
  Block: Buckler           |    23 |    43 |    28 |       |       ||    94
         Kite shield       |       |       |    17 |       |       ||    17
         Other             |       |       |    10 |    81 |   150 ||   241
         Reflection        |       |       |       |    20 |     1 ||    21
   Form: Serpent           |       |       |     1 |       |       ||     1

Table legend: (Time is in decaauts)
 A = Elapsed time spent in this place.
 B = Non-inter-level travel time spent in this place.
 C = Inter-level travel time spent in this place.
 D = Time resting spent in this place.
 E = Time spent auto-exploring this place.
 F = Levels seen in this place.
 G = Mean time per level.
                   A        B        C        D        E       F      G
               +--------+--------+--------+--------+--------+-----+--------+
         Total |  24520 |  23317 |   1203 |   3331 |  15578 |  22 | 1114.5 |
       Dungeon |  14708 |  13882 |    826 |   1434 |   9715 |  14 | 1050.6 |
          Lair |   6758 |   6539 |    219 |    762 |   4646 |   5 | 1351.6 |
   Spider Nest |      1 |      1 |      0 |      0 |      0 |   1 |    1.0 |
  Orcish Mines |   3051 |   2894 |    157 |   1135 |   1217 |   2 | 1525.5 |
               +--------+--------+--------+--------+--------+-----+--------+

Top non-repeatable levels by time:
  Lair:2: 2214 daAuts
    D:12: 1853 daAuts
   Orc:1: 1807 daAuts
  Lair:5: 1691 daAuts
    D:13: 1396 daAuts
   Orc:2: 1243 daAuts
     D:5: 1214 daAuts
     D:8: 1182 daAuts
    D:11: 1174 daAuts
  Lair:4: 1146 daAuts
     D:4: 1030 daAuts
     D:7: 1027 daAuts
     D:6: 946 daAuts
     D:2: 901 daAuts
     D:9: 899 daAuts
